 Dungeon Crawl Stone Soup version 0.26.1-11-gd32895ea62 (webtiles) character file.

Game seed: 3984222257527887713

68981 superiop the Severer (level 14, -2/133 HPs)
             Began as a Deep Dwarf Berserker on Apr 14, 2021.
             Was an Elder of Trog.
             Drowned by a drowned soul (14 damage)
             ... summoned by a merfolk avatar
             ... on level 6 of the Lair of Beasts.
             The game lasted 01:55:56 (20903 turns).

superiop the Severer (Deep Dwarf Berserker)        Turns: 20903, Time: 01:55:57

Health: -2/133     AC: 26    Str: 25    XL:     14   Next: 88%
Magic:  0/0        EV: 14    Int:  9    God:    Trog [****..]
Gold:   946        SH:  0    Dex: 16    Spells: 13/13 levels left

rFire    + . .     SeeInvis .   C - +1 battleaxe of the Shallot {freeze, +Fly Dex+4}
rCold    . . .     Faith    +   (shield currently unavailable)
rNeg     + . .     Spirit   .   J - +2 plate armour {rPois}
rPois    +         Reflect  .   O - +0 helmet
rElec    .         Harm     .   q - +0 cloak
rCorr    .         Rampage  .   w - +0 pair of gloves
Will     ++++.                  F - +2 pair of boots {run}
Stlth    ..........             j - amulet of faith
HPRegen  1.00/turn              I - +4 ring of evasion
MPRegen  0.07/turn              e - ring of poison resistance

@: mesmerised, non-regenerating, very slow
A: damage resistance, heal wounds, fire resistance 1, negative energy resistance
1, sense surroundings 2, wild magic 1, no regeneration
a: Heal Wounds, Renounce Religion, Evoke Flight, Berserk, Trog's Hand, Brothers
in Arms


You were on level 6 of the Lair of Beasts.
You worshipped Trog.
Trog was greatly pleased with you.
You visited 5 branches of the dungeon, and saw 19 of its levels.

You collected 1072 gold pieces.
You spent 126 gold pieces at shops.

Inventory:

Hand Weapons
 C - the +1 battleaxe of the Shallot (weapon) {freeze, +Fly Dex+4}
   (You found it on level 4 of the Lair of Beasts)

   It has been specially enchanted to freeze those struck by it, causing extra
   injury to most foes and up to half again as much damage against particularly
   susceptible opponents.
   It can also slow down cold-blooded creatures.
   It affects your dexterity (+4).
   It lets you fly.
 K - a +2 battleaxe of venom
 Q - a +4 war axe of flaming
Missiles
 c - 937 stones
 f - 62 poisoned darts (quivered)
 M - 6 boomerangs
 N - 3 curare-tipped darts
Armour
 g - a +1 scale mail of fire resistance
 q - a +0 cloak (worn)
 w - a +0 pair of gloves (worn)
 E - a cursed +0 tower shield
 F - a +2 pair of boots of running (worn)
 J - a +2 plate armour of poison resistance (worn)
 L - a +2 scale mail of cold resistance
 O - a +0 helmet (worn)
Jewellery
 e - a ring of poison resistance (right hand)
 h - an uncursed amulet of guardian spirit
 j - an amulet of faith (around neck)
 p - a +6 ring of intelligence
 r - an uncursed ring of positive energy
 s - a +6 ring of intelligence
 t - an uncursed ring of magical power
 v - an uncursed amulet of reflection
 x - an uncursed amulet of the acrobat
 z - the ring "Oron" {+Fly Int+3}
   (You acquired it on level 8 of the Dungeon)

   [ring of flight]

   It affects your intelligence (+3).
   It lets you fly.
 A - an uncursed ring of protection from cold
 D - an uncursed ring of resist corrosion
 I - a +4 ring of evasion (left hand)
 V - an uncursed ring of ice
 X - an uncursed ring of fire
Wands
 a - a wand of digging (14)
 S - a wand of disintegration (11)
 W - a wand of enslavement (12)
Scrolls
 b - 4 scrolls of fear
 i - 8 scrolls of teleportation
 k - 4 scrolls of magic mapping
 o - 2 scrolls of blinking {unknown}
 u - 5 scrolls of remove curse
 y - 3 scrolls of fog
 B - a scroll of enchant weapon
 G - a scroll of identify
Potions
 d - 2 potions of curing
 l - 3 potions of cancellation
 m - 4 potions of haste
 n - 2 potions of berserk rage
 H - a potion of might
 P - 2 potions of flight


   Skills:
 + Level 10.8 Fighting
 + Level 18.3(18.6) Axes
 + Level 4.8(12.4) Maces & Flails
 + Level 7.5 Throwing
 + Level 12.8 Armour
 + Level 5.1 Dodging
 + Level 4.1 Stealth
 + Level 4.1 Shields
 + Level 0.5 Unarmed Combat
 + Level 0.4 Evocations


You had 13 spell levels left.
You didn't know any spells.
Your spell library was empty.

Dungeon Overview and Level Annotations

Branches:
Dungeon (10/15)            Temple (1/1) D:5            Lair (6/6) D:10
 Shoals (1/4) Lair:4        Snake (1/4) Lair:4        Slime (0/5) Lair:6
    Orc: D:9-12

Altars:
Elyvilon
Gozag
Hepliaklqana
Okawaru
Qazlal
Sif Muna
Yredelemnul
The Shining One

Shops:
D:5 [   D:8 *

Annotations:
Snake:1 Aizul


Innate Abilities, Weirdness & Mutations

You are resistant to damage.
You can heal yourself by infusing magical energy.
You resist negative energy. (rN+)
You passively map the area around you.
You do not regenerate.
Your flesh is heat resistant. (rF+)
Your spells are a little harder to cast, but a little more powerful.


Message History

Why would you want to do that?
Your skin crawls.
You feel strong-willed.
The merfolk avatar chants its luring song.
The drowned soul touches you. The drowned soul drowns you!
* * * LOW HITPOINT WARNING * * *
Your unstable footing causes you to fumble your attack.
The merfolk avatar chants its luring song.
Your unstable footing causes you to fumble your attack.
The merfolk avatar chants its luring song.
You closely miss the merfolk avatar. You slash the drowned soul!
The drowned soul touches you. The drowned soul drowns you!
* * * LOW HITPOINT WARNING * * *
The merfolk avatar chants its luring song.
You slash the merfolk avatar! You freeze the merfolk avatar!
The merfolk avatar is moderately wounded.
Your unstable footing causes you to fumble your attack.
The merfolk avatar chants its luring song.
The drowned soul touches you. The drowned soul drowns you!
You die...

..≈#.†#############* #####≈#.††..
P ≈#.≈# ≈ #8≈≈≈≈≈≈≈≈≈# ≈≈#≈##≈†..
, H≈≈≈≈ #≈≈≈≈≈≈≈≈≈≈# ≈≈≈≈≈≈...#
H..≈≈≈#≈ #≈≈≈≈≈≈≈≈≈≈# ≈≈≈≈≈≈≈...
#..##≈.≈≈≈#≈≈≈≈≈≈≈≈≈≈#≈≈≈≈≈##...P
##. #≈# ≈≈≈≈≈≈?!?)≈≈≈#≈≈≈.≈ #....
≈≈ ≈≈≈ 8≈≈≈≈≈)WW$≈≈≈.≈#≈≈≈≈≈...#
## ≈≈≈ 8≈≈≈≈≈|m≈)≈#≈.≈≈≈≈≈≈≈...#
≈ ≈≈≈≈≈≈[)@?≈≈≈.≈#P.≈..≈.## ,
≈#≈≈≈≈≈≈≈(≈≈#≈≈≈≈≈.#≈≈## ≈ ≈ ≈
#≈≈≈≈≈≈†≈≈≈#≈≈≈≈≈≈≈≈.## * , ≈
#≈≈≈≈≈≈#≈≈≈#≈≈≈≈≈≈≈..## ≈ *
≈≈#8≈≈≈≈≈≈≈≈≈#≈≈≈#≈##≈.## * ,
≈###########.#######.≈#.[.##
P≈≈≈≈≈≈≈≈≈≈≈≈≈≈≈≈≈≈≈≈≈≈P≈≈...†
≈≈≈≈≈≈≈≈≈≈≈P≈≈≈≈≈≈P≈≈≈≈≈≈≈..#8 ,≈
#≈≈##≈≈.#≈≈##≈≈##≈≈##≈≈##..#.


You could see a merfolk avatar (mesmerising) and 2 drowned souls.

Vanquished Creatures
  Rupert (Lair:5)
  10 hydras
  A catoblepas (Lair:5)
  A two-headed ogre (D:10)
  16 death yaks
  A sea snake (Shoals:1)
  4 lindwurms (Lair:4)
  A harpy (Lair:6)
  An oklob plant (Lair:4)
  3 manticores (Lair:6)
  Joseph (D:10)
  24 elephants
  A torpor snail (Lair:4)
  11 black mambas
  18 cane toads
  14 komodo dragons
  5 rime drakes
  9 polar bears
  A hornet (Lair:4)
  11 blink frogs
  A troll (D:9)
  2 wind drakes (Lair:6)
  Grinder (D:4)
  A snapping turtle (Lair:4)
  11 wyverns
  38 yaks
  5 basilisks
  29 water moccasins
  4 orc warriors
  2 black bears
  Purgy (D:4)
  3 ice beasts
  2 necrophages
  4 ogres
  16 wolves
  3 centaurs
  A big kobold (D:10)
  20 bullfrogs
  A gnoll sergeant (D:6)
  A wyvern skeleton (D:9)
  2 scorpions
  3 killer bees (D:9)
  10 wights
  3 howler monkeys
  3 electric eels (Lair:4)
  A bullfrog zombie (D:5)
  A centaur skeleton (D:6)
  5 hounds
  5 orc priests
  A bullfrog skeleton (D:7)
  Ijyb (D:4)
  6 iguanas
  7 orc wizards
  8 worker ants
  Natasha (thrice) (D:4)
  A killer bee zombie (D:9)
  2 hound zombies
  A hound skeleton (D:9)
  A howler monkey skeleton (D:7)
  10 gnolls
  14 adders
  A shadow imp (D:7)
  5 white imps
  2 adder skeletons
  An adder zombie (D:5)
  2 worms
  3 dart slugs
  9 leopard geckos
  35 orcs
  6 ball pythons
  7 giant cockroaches
  8 goblins
  7 hobgoblins
  7 jackals
  2 quokkas
  12 bats
  2 frilled lizards
  8 kobolds
  2 quokka skeletons
  4 rats
  A bush (D:6)
492 creatures vanquished.

Vanquished Creatures (others)
  5 bushes
  35 fungi
  97 plants
137 creatures vanquished.

Grand Total: 629 creatures vanquished

Notes
Turn   | Place    | Note
-------+----------+-------------------------------------------
     0 | D:1      | superiop the Deep Dwarf Berserker began the quest for the
                  | Orb.
     0 | D:1      | Reached XP level 1. HP: 20/20 MP: 1/1
   373 | D:1      | Reached XP level 2. HP: 22/27 MP: 2/2
  1076 | D:2      | Noticed a bullfrog
  1090 | D:2      | Killed a bullfrog
  1091 | D:2      | Reached skill level 4 in Axes
  1091 | D:2      | Reached skill level 1 in Throwing
  1091 | D:2      | Reached XP level 3. HP: 4/34 MP: 3/3
  1091 | D:2      | Reached XP level 4. HP: 5/42 MP: 4/4
  1900 | D:3      | Reached ** piety under Trog
  1963 | D:3      | Reached XP level 5. HP: 41/49 MP: 5/5
  2197 | D:3      | Found an iron altar of Okawaru.
  2224 | D:3      | Reached skill level 1 in Maces & Flails
  2939 | D:4      | Noticed Ijyb
  2951 | D:4      | Killed Ijyb
  3071 | D:4      | Noticed Grinder
  3086 | D:4      | Paralysed by Grinder for 4 turns
  3100 | D:4      | Killed Grinder
  3101 | D:4      | Reached skill level 1 in Stealth
  3101 | D:4      | Reached XP level 6. HP: 40/56 MP: 6/6
  3442 | D:4      | Noticed Natasha
  3451 | D:4      | Killed Natasha
  3550 | D:4      | Noticed Natasha
  3550 | D:4      | Noticed Purgy
  3559 | D:4      | Killed Purgy
  3560 | D:4      | Reached XP level 7. HP: 62/62 MP: 7/7
  3561 | D:4      | Killed Natasha
  3630 | D:4      | Found a shimmering blue altar of Sif Muna.
  3733 | D:4      | Noticed Natasha
  3742 | D:4      | Killed Natasha
  3912 | D:4      | Gained mutation: You can translocate small distances at
                  | will. [potion of mutation]
  3912 | D:4      | Gained mutation: You are partially covered in molten
                  | scales. (AC +2) [potion of mutation]
  4016 | D:5      | Entered Level 5 of the Dungeon
  4183 | D:5      | Found Yxaomut's Antique Armour Boutique.
  4192 | D:5      | Bought a helmet for 126 gold pieces
  4233 | D:5      | Reached *** piety under Trog
  4308 | D:5      | Reached skill level 5 in Throwing
  4442 | D:5      | Found a staircase to the Ecumenical Temple.
  4449 | Temple   | Entered the Ecumenical Temple
  4679 | D:6      | Reached XP level 8. HP: 70/70 MP: 7/7
  4991 | D:6      | Reached skill level 1 in Shields
  5000 | D:6      | You fall into a shaft and drop 1 floor!
  5173 | D:7      | Reached skill level 5 in Armour
  5426 | D:7      | Reached **** piety under Trog
  5466 | D:7      | Gained mutation: You passively map the area around you.
                  | [Deep Dwarf growth]
  5466 | D:7      | Reached XP level 9. HP: 52/78 MP: 5/5
  5726 | D:7      | Reached skill level 5 in Axes
  6378 | D:6      | Found a hazy altar of Hepliaklqana.
  6446 | D:8      | Found an opulent altar of Gozag.
  6543 | D:8      | Identified a scroll of acquirement
  6543 | D:8      | Acquired the ring "Oron" {+Fly Int+3}
  6625 | D:8      | Found a white marble altar of Elyvilon.
  6653 | D:8      | Reached skill level 6 in Axes
  6812 | D:8      | Found Neotzall's Needful Niceties.
  6846 | D:8      | Reached ***** piety under Trog
  7262 | D:9      | Reached skill level 7 in Axes
  7277 | D:9      | Reached skill level 8 in Axes
  7375 | D:9      | Noticed a troll
  7394 | D:9      | Reached XP level 10. HP: 72/87 MP: 4/4
  7547 | D:9      | Lost mutation: You are partially covered in molten scales.
                  | (AC +2) [potion of mutation]
  7547 | D:9      | Lost mutation: You can translocate small distances at will.
                  | [potion of mutation]
  7547 | D:9      | Gained mutation: You are frail. (-10% HP) [potion of
                  | mutation]
  7547 | D:9      | Gained mutation: You possess an exceptional clarity of
                  | mind. [potion of mutation]
  7612 | D:9      | Lost mutation: You are frail. (-10% HP) [potion of
                  | mutation]
  7612 | D:9      | Lost mutation: You possess an exceptional clarity of mind.
                  | [potion of mutation]
  7612 | D:9      | Gained mutation: You are partially covered in iridescent
                  | scales. (AC +2) [potion of mutation]
  7612 | D:9      | Gained mutation: Your spells are a little harder to cast,
                  | but a little more powerful. [potion of mutation]
  7612 | D:9      | Lost mutation: You are partially covered in iridescent
                  | scales. (AC +2) [potion of mutation]
  7612 | D:9      | Gained mutation: Your flesh is heat resistant. (rF+)
                  | [potion of mutation]
  7662 | D:9      | Found a stormy altar of Qazlal.
  7722 | D:9      | Reached skill level 5 in Fighting
  7722 | D:9      | Reached skill level 9 in Axes
  8450 | D:10     | Entered Level 10 of the Dungeon
  8475 | D:10     | Noticed Joseph
  8487 | D:10     | Noticed a two-headed ogre
  8496 | D:10     | Killed Joseph
  8500 | D:10     | Killed a two-headed ogre
  8501 | D:10     | Reached skill level 10 in Axes
  8630 | D:10     | Received a gift from Trog
  8669 | D:10     | Reached skill level 11 in Axes
  8693 | D:10     | Found a staircase to the Lair.
  9047 | D:10     | Reached XP level 11. HP: 53/97 MP: 4/4
  9605 | Lair:1   | Entered Level 1 of the Lair of Beasts
  9608 | Lair:1   | Noticed an eight-headed hydra
  9621 | Lair:1   | Killed a four-headed hydra
  9622 | Lair:1   | Reached skill level 12 in Axes
  9784 | Lair:1   | Noticed a six-headed hydra
  9792 | Lair:1   | Killed a two-headed hydra
  9952 | Lair:1   | Noticed a seven-headed hydra
  9962 | Lair:1   | Killed a two-headed hydra
 10016 | Lair:1   | Noticed a seven-headed hydra
 10027 | Lair:1   | Killed a four-headed hydra
 10104 | Lair:1   | Reached skill level 13 in Axes
 11043 | Lair:2   | Noticed a four-headed hydra
 11052 | Lair:2   | Killed a one-headed hydra
 11053 | Lair:2   | Reached XP level 12. HP: 106/106 MP: 0/3
 11060 | Lair:2   | Received a gift from Trog
 11502 | Lair:2   | Reached skill level 14 in Axes
 12899 | Lair:3   | Reached skill level 10 in Armour
 13101 | Lair:3   | Noticed a five-headed hydra
 13108 | Lair:3   | Killed a two-headed hydra
 13109 | Lair:3   | Reached skill level 15 in Axes
 13421 | Lair:3   | Noticed a four-headed hydra
 13430 | Lair:3   | Killed a one-headed hydra
 14039 | Lair:4   | Noticed a death yak
 14454 | Lair:4   | Killed a death yak
 14455 | Lair:4   | Reached XP level 13. HP: 117/117 MP: 0/1
 15634 | Lair:4   | Reached skill level 16 in Axes
 15683 | Lair:4   | Got a polished battleaxe
 15684 | Lair:4   | Identified the cursed +1 battleaxe of the Shallot {freeze,
                  | +Fly Dex+4} (You found it on level 4 of the Lair of Beasts)
 15989 | Lair:4   | Found a staircase to the Snake Pit.
 16175 | Lair:4   | Found a staircase to the Shoals.
 16189 | Shoals:1 | Entered Level 1 of the Shoals
 17671 | Lair:4   | Identified a +2 pair of boots of running (You found it on
                  | level 4 of the Lair of Beasts)
 17893 | Snake:1  | Entered Level 1 of the Snake Pit
 17939 | Snake:1  | Noticed Aizul
 18611 | Lair:5   | Reached skill level 5 in Dodging
 18920 | Lair:5   | Gained mutation: You resist negative energy. (rN+) [Deep
                  | Dwarf growth]
 18920 | Lair:5   | Reached XP level 14. HP: 108/129 MP: 1/1
 19131 | Lair:5   | Noticed Rupert
 19149 | Lair:5   | Killed Rupert
 19150 | Lair:5   | Reached skill level 17 in Axes
 19511 | Lair:6   | Entered Level 6 of the Lair of Beasts
 19540 | Lair:6   | Found a staircase to the Slime Pits.
 19599 | Lair:6   | Found a dark tunnel.
 19679 | Lair:6   | Reached skill level 10 in Fighting
 20155 | Lair:6   | Reached skill level 18 in Axes
 20903 | Lair:6   | Drowned by a drowned soul

Illustrated notes

Levels and vault maps discovered:
D:1:      lemuel_arrival_funnel, layout_loops_ring
D:2:      layout_rooms, kennysheep_crisscross
D:3:      kennysheep_six_static_rooms, layout_basic, okawaru_ov_weapons_minmay
D:4:      layout_loops_ring, kennysheep_little_box, uniq_grinder, uniq_natasha,
          uniq_ijyb, uniq_purgy
D:5:      layout_gridville, temple_statues, serial_shops, nicolae_shop_crystal
D:6:      corexii_shack_village, layout_cave_pools, nzn_hepliaklqana_mist_gate,
          serial_park, serial_park_square2, serial_park_square3
          [serial_park_minivault_5x5_3], serial_park_tiny_2,
          serial_park_tiny_pond, serial_park_tiny_pond
D:7:      layout_basic, kennysheep_generic_room_10
D:8:      layout_loops_ring, elyvilon_altar_5, grunt_gozag_breadcrumbs,
          serial_bayou_pond_e, nicolae_alphabet_shops
D:9:      layout_basic, hex_medium, grunt_qazlal_sundering
D:10:     layout_loops_ring, minmay_lair_entry_grove, minmay_sticks_and_stones
Temple:   hc_temple_tempest_star
Lair:1:   layout_hall_layers, grunt_megastairs_4
Lair:2:   layout_cave_pods, serial_bayou_shore_a
Lair:3:   wad_woods_structure_01, layout_small_grid,
          chequers_serial_rivers_small_b
Lair:4:   layout_concentric_octagons, minmay_shoals_entry_hut,
          dummy_snake_entry, minmay_lindwurm_lava, infiniplex_staircase_pool
Lair:5:   layout_cave_pods, minmay_holes, uniq_rupert
Lair:6:   gammafunk_lair_ancient_temple, layout_cave_pods,
          minmay_slime_entry_oklob_enclosed, nicolae_volcano_entry_hallway,
          grunt_megastairs_1
Shoals:1: layout_shoals, overgrown_hall
Snake:1:  layout_rooms, uniq_aizul

Skill      XL: |  1  2  3  4  5  6  7  8  9 10 11 12 13 14 |
---------------+-------------------------------------------+-----
Fighting       | 3 4 5 6 7 9 10 | 10.8
Axes           | 4 8 11 13 15 16 18 | 18.3
Throwing       | 1 3 4 5 6 7 |  7.5
Armour         | 3 4 5 6 7 9 10 12 | 12.8
Maces & Flails | 2 3 4 |  4.8
Stealth        | 1 2 3 4 |  4.1
Dodging        | 3 4 5 |  5.1
Shields        | 1 2 3 4 |  4.1
Unarmed Combat | |  0.5
Evocations     | |  0.4

Action                   |  1- 3 |  4- 6 |  7- 9 | 10-12 | 13-15 || total
-------------------------+-------+-------+-------+-------+-------++-------
Melee: Hand axe          |    63 |       |       |       |       ||    63
       Mace              |       |   109 |   204 |       |       ||   313
       Unarmed           |       |     2 |       |       |       ||     2
       Battleaxe         |       |       |   214 |   163 |   398 ||   775
       War axe           |       |       |       |   411 |   113 ||   524
Throw: Stone             |    50 |    30 |    31 |    96 |    14 ||   221
       Dart              |       |    85 |    72 |       |    10 ||   167
       Boomerang         |       |       |    72 |       |       ||    72
Invok: Berserk           |     1 |     2 |     8 |    24 |    20 ||    55
       Trog's Hand       |       |       |     1 |    10 |    27 ||    38
 Abil: Heal Wounds       |       |     4 |    13 |    17 |     4 ||    38
       Evoke Flight      |       |       |       |       |     2 ||     2
  Use: Scroll            |       |    11 |    11 |    12 |     9 ||    43
       Potion            |       |     8 |     4 |     5 |     8 ||    25
 Stab: Sleeping          |       |       |     1 |       |       ||     1
       Distracted        |       |       |     1 |       |       ||     1
Armor: Ring mail         |    19 |    26 |   116 |       |       ||   161
       Animal skin       |     6 |       |       |       |       ||     6
       Scale mail        |       |    27 |    10 |       |     8 ||    45
       Plate armour      |       |       |    51 |   255 |   218 ||   524
Dodge: Dodged            |    36 |    87 |   199 |   323 |   317 ||   962
Block: Buckler           |       |     2 |    29 |    45 |    12 ||    88
